Cogmind - Beta 17.1 @@@ ROGUE MODE // 2026.08.30 @ 17:27:52 Player: TheSkyeDoctor Result: Destroyed by Y-54 Guardian with Gatling Laser Performance ------------- Evolutions (4) 2000 Regions Visited (13) 2600 Robots Destroyed (100) 500 Value Destroyed (3057) 3057 Prototype IDs (2) 40 Alien Tech Used (0) 0 Bonus (359) 359 TOTAL SCORE: 8556 Bonus ------- High Alert Combat Kills 4 Follower Combat Kills 355 Cogmind --------- Core Integrity 0/850 Matter 290/300 Energy 76/100 System Corruption 0% Temperature Cool (6) Movement Core (100) Ox1 Location -6/Extension Parts ------- > --- POWER (1) -------- (None) > --- PROPULSION (4) --- (None) > --- UTILITY (6) ------ Improved Signal Interpreter Terrain Scan Processor 0b10 Decoder Chip [Scout] Target Analyzer > --- WEAPON (4) ------- Phasing Sabre > --- INVENTORY (5) ---- High-capacity Matter Pod (200) Hacking Drone Bay Plasma Cutter Peak State ------------ > --- POWER ------------ Angular Momentum Engine > --- PROPULSION ------- Carbon-fiber Leg Flexi-carbon Leg Flexi-carbon Leg > --- UTILITY ---------- Improved Cooling System Improved Signal Interpreter 0b10 Decoder Chip [Scout] Advanced Targeting Computer Target Analyzer Improved Reaction Control System > --- WEAPON ----------- Improved Datajack Powered Hammer Phasing Sabre CR-A16's Pointy Stick > --- INVENTORY -------- High-capacity Matter Pod Phase Shifter Improved Light Armor Plating Hacking Drone Bay Plasma Cutter [Rating: 60] Favorites ----------- Power Nuclear Core Engine Ion Engine Power Core Nuclear Core Propulsion Carbon-fiber Leg Leg Carbon-fiber Leg Utility Advanced Targeting Computer Device Cooling System Storage Large Storage Unit Processor Advanced Targeting Computer Hackware Hacking Suite Protection Layered Light Armor Plating Weapon Powered Hammer Energy Gun Gatling Laser Energy Cannon Beam Cannon Ballistic Gun Flak Gun Launcher Grenade Launcher Impact Weapon Powered Hammer Slashing Weapon Phasing Sabre Piercing Weapon CR-A16's Pointy Stick Special Melee Weapon Improved Datajack Build | -11 -10 -10 -9 -8 -7 -7 -7 -7 -7 -7 -6 -6 -6 ------- Run | Yrd Mat Min Mat Mat Fac Was Fac Low Low Zio Pro Fac Ext Slots Evolved 8 | . . . 2 2 2 . . . . . . 2 . Power . | . . . . . . . . . . . . . . Propulsion 2 | . . . . 1 1 . . . . . . . . Utility 4 | . . . . 1 1 . . . . . . 2 . Weapon 2 | . . . 2 . . . . . . . . . . Parts Attached 84 | 7 1 6 4 22 12 1 13 . . 3 7 4 4 Power 10 | 1 1 1 . 2 1 . 1 . . . 2 1 . Engine 6 | 1 1 1 . 1 . . . . . . 1 1 . Core 4 | . . . . 1 1 . 1 . . . 1 . . Reactor . | . . . . . . . . . . . . . . Propulsion 24 | 2 . 2 . 7 2 . 6 . . 1 4 . . Treads . | . . . . . . . . . . . . . . Leg 24 | 2 . 2 . 7 2 . 6 . . 1 4 . . Wheel . | . . . . . . . . . . . . . . Hover . | . . . . . . . . . . . . . . Flight . | . . . . . . . . . . . . . . Utility 23 | 2 . . 2 5 4 1 2 . . . 1 3 3 Device 6 | 1 . . . 2 . . . . . . 1 2 . Storage 4 | 1 . . 1 . 2 . . . . . . . . Processor 6 | . . . . . 2 1 1 . . . . 1 1 Hackware 2 | . . . . 1 . . . . . . . . 1 Protection 5 | . . . 1 2 . . 1 . . . . . 1 Artifact . | . . . . . . . . . . . . . . Weapon 27 | 2 . 3 2 8 5 . 4 . . 2 . . 1 Energy Gun 5 | 1 . 1 1 . 1 . 1 . . . . . . Energy Cannon 2 | . . 1 . . . . . . . . . . 1 Ballistic Gun 14 | 1 . 1 1 7 2 . 2 . . . . . . Ballistic Cannon . | . . . . . . . . . . . . . . Launcher 1 | . . . . 1 . . . . . . . . . Special Weapon . | . . . . . . . . . . . . . . Impact Weapon 1 | . . . . . 1 . . . . . . . . Slashing Weapon 2 | . . . . . 1 . . . . 1 . . . Piercing Weapon 1 | . . . . . . . . . . 1 . . . Special Melee Weapon 1 | . . . . . . . 1 . . . . . . Unidentified Prototypes . | . . . . . . . . . . . . . . Parts Lost 56 | . 1 7 . 16 3 3 3 1 3 . 5 . 14 Power 7 | . 1 1 . 1 1 . 1 . . . 1 . 1 Propulsion 20 | . . 2 . 4 2 2 2 1 1 . 3 . 3 Utility 12 | . . 1 . 4 . . . . . . 1 . 6 Weapon 17 | . . 3 . 7 . 1 . . 2 . . . 4 Highest Loss Streak 14 | . 1 5 . 6 2 3 2 1 3 . 3 . 14 To Critical Strikes . | . . . . . . . . . . . . . . Average Backups 6 | . 3 2 9 11 13 10 4 5 5 4 5 3 4 Power . | . . . . 1 1 . . . . . . . . Propulsion . | . . . . . . . . . . . . . . Utility 4 | . 1 1 5 5 8 6 2 4 4 3 4 2 3 Weapon . | . 1 1 1 1 1 1 . . . . . . . Tool/Special . | . . . . . . . . . . . . . . Unused Backups 15 | . . . . 3 1 8 . . . . 1 . 2 Power 3 | . . . . 2 . 1 . . . . . . . Propulsion . | . . . . . . . . . . . . . . Utility 9 | . . . . . 1 6 . . . . 1 . 1 Weapon 1 | . . . . . . 1 . . . . . . . Tool/Special 2 | . . . . 1 . . . . . . . . 1 Average Slot Usage (%) 82 | . 100 83 98 96 91 70 77 77 65 71 81 92 75 Engine 3 | . 14 13 11 3 . . . . . . 1 6 4 Core 2 | . . . . 5 6 4 5 . . . 2 . . Leg 17 | . 28 15 22 26 22 14 14 16 11 12 15 20 13 Device 3 | . 14 12 . 8 2 . . . . . 2 12 9 Storage 4 | . 14 14 11 9 7 4 . . . . . . . Processor 16 | . . . . . 11 18 23 30 30 23 23 26 25 Protection 4 | . . . 10 6 7 4 6 . . 6 4 . . Energy Gun 4 | . 14 1 21 12 5 4 4 . . . . . . Energy Cannon 1 | . . 11 . . . . . . . . . . . Ballistic Gun 10 | . 14 14 21 20 16 9 11 15 7 . . . . Impact Weapon 4 | . . . . . 1 7 7 7 7 7 7 6 4 Slashing Weapon 2 | . . . . . 5 . . . . 5 7 6 4 Piercing Weapon 2 | . . . . . . . . . . 5 7 6 6 Special Melee Weapon 3 | . . . . . . . 1 7 7 7 7 6 4 Peak Build Rating 60 | 7 7 8 15 29 42 40 48 40 36 39 51 59 60 Average Rating 31 | 5 6 6 14 21 39 30 36 36 30 36 44 58 47 On Entrance 26 | . 7 7 8 15 26 40 14 40 36 24 39 51 59 Avg Prop Armor Cover (%) 7 | . . . . . . . . 7 . . . . . Naked Turns . | . . . . . . . . . . . . . . Heaviest Build 49 | 12 12 16 41 48 49 45 26 12 12 15 25 28 28 Greatest Support 74 | 20 20 20 20 45 45 40 74 56 38 40 55 55 55 Greatest Overweight (x) 5 | . . 5 2 1 2 1 3 . . . 1 . 4 Average Overweight (x) . | . . . 1 . . . . . . . . . . Largest Inventory Capacity 15 | 8 8 8 15 15 15 15 5 5 5 5 5 5 5 Average Capacity 8 | 7 8 8 14 15 15 11 5 5 5 5 5 5 5 Most Carried 15 | 2 5 6 14 15 15 15 5 5 5 5 5 4 5 Average Carried 7 | . 3 3 10 12 14 11 4 5 5 4 5 3 4 Final Capacity 15 | 8 8 8 15 15 15 5 5 5 5 5 5 5 5 Final Carried 15 | 2 4 6 14 15 15 5 5 5 5 5 5 4 3 Class Distribution -------------------- 59% | Mutant 15% | Scavenger-Tank 11% | Gunner 10% | Scavenger-Gunner 4% | Scavenger-Mutant Dominant Class ---------------- Mutant | -10/Materials Mutant | -10/Mines Scavenger-Tank | -9/Materials Scavenger-Tank | -8/Materials Scavenger-Gunner | -7/Factory Scavenger-Gunner | -7/Waste Mutant | -7/Factory Mutant | -7/Lower Caves Mutant | -7/Lower Caves Mutant | -7/Zion Mutant | -6/Proximity Caves Scavenger-Mutant | -6/Factory Mutant | -6/Extension Resources | -11 -10 -10 -9 -8 -7 -7 -7 -7 -7 -7 -6 -6 -6 ----------- Run | Yrd Mat Min Mat Mat Fac Was Fac Low Low Zio Pro Fac Ext Matter Collected 2221 | 116 90 190 89 596 314 . 352 131 161 52 70 40 20 Remotely . | . . . . . . . . . . . . . . Salvage Created 3339 | 127 134 252 112 1225 581 . 457 47 83 . 126 70 125 Parts 180 | 8 10 13 10 78 23 . 18 4 . . 4 5 7 Haulers Intercepted 5 | . . . 1 2 . . 2 . . . . . . Recyclers Shooed 2 | . 1 . . . 1 . . . . . . . . Parts Field Recycled . | . . . . . . . . . . . . . . Retrieved Matter . | . . . . . . . . . . . . . . Parts Self-Destructed 12 | . . . . . . . . 5 . . 7 . . Prevented . | . . . . . . . . . . . . . . Parts Restored . | . . . . . . . . . . . . . . Kills | -11 -10 -10 -9 -8 -7 -7 -7 -7 -7 -7 -6 -6 -6 ------- Run | Yrd Mat Min Mat Mat Fac Was Fac Low Low Zio Pro Fac Ext Combat Hostiles Destroyed 74 | . 3 9 1 30 8 . 13 3 1 . 2 1 3 Melee 7 | . . . . . . . 2 . . . 2 1 2 Guns 50 | . 3 4 1 22 8 . 9 3 . . . . . Cannons 6 | . . 5 . . . . . . . . . . 1 AOE 8 | . . . . 8 . . . . . . . . . Classes Destroyed 15 | 2 2 1 3 5 1 . . . 1 . . . . Worker 7 | . . . . 6 . . 1 . . . . . . Builder 2 | . 1 . . 1 . . . . . . . . . Tunneler 4 | 4 . . . . . . . . . . . . . Hauler 5 | . . . 1 2 . . 2 . . . . . . Recycler 4 | 1 . . . . 3 . . . . . . . . Mechanic 1 | . . . . 1 . . . . . . . . . Operator 2 | . . . 1 . . . . . . . . 1 . Watcher 1 | . . . . 1 . . . . . . . . . Swarmer 26 | . . 5 . 10 . . 6 3 . . . . 2 Grunt 25 | . 3 4 . 12 3 . 3 . . . . . . Sentry 11 | . . . 1 6 1 . 2 . . . . . 1 Hunter 4 | . . . . 1 . . . . 1 . 2 . . Programmer 7 | . . . . . 4 . 2 . . . . 1 . Heavy 1 | . . . . 1 . . . . . . . . . Samaritan 1 | . . . . . . . . . 1 . . . . Best Kill Streak 9 | 3 4 5 1 9 4 . 7 3 1 . 1 1 1 Combat Bots Only 7 | . 2 4 1 6 3 . 7 3 1 . 1 1 1 Max Kills in Single Turn 5 | 1 1 1 1 5 1 . 2 1 1 . 1 1 1 Gunslinging 1 | . . . . . . . 1 . . . . . . Exploded 3 | . . . . 3 . . . . . . . . . Melee 1 | . . . . . . . 1 . . . 1 1 1 Uniques/NPCs Destroyed . | . . . . . . . . . . . . . . Combat | -11 -10 -10 -9 -8 -7 -7 -7 -7 -7 -7 -6 -6 -6 -------- Run | Yrd Mat Min Mat Mat Fac Was Fac Low Low Zio Pro Fac Ext Hostile Shots Fired 983 | . 38 77 3 173 92 3 160 40 12 . 92 14 279 Missed 344 | . 8 24 . 57 48 1 62 15 2 . 26 6 95 Hits 639 | . 30 53 3 116 44 2 98 25 10 . 66 8 184 Melee 2 | . . . . . . 2 . . . . . . . Projectile 637 | . 30 53 3 116 44 . 98 25 10 . 66 8 184 Critical Strikes 12 | . . 1 . 3 4 1 2 . . . . 1 . Damage Taken 8334 | . 328 569 50 2144 605 102 1082 365 155 . 1059 117 1758 Core 1955 | . 33 114 11 412 38 52 162 60 54 . 166 30 823 Absorbed by Shields . | . . . . . . . . . . . . . . Regen/Repaired (Parts) 397 | . . . . . . . . . . 397 . . . Core Remaining (%) 57 | 100 . 41 97 25 . . . . . . 24 . . Volleys Fired 176 | 9 16 30 7 62 19 4 21 5 2 . . . 1 Largest 4 | 2 2 2 4 4 3 3 3 2 1 . . . 1 Hottest 151 | 70 70 80 148 151 133 133 136 56 28 . . . 75 Shots Fired 500 | 18 32 57 28 233 57 11 49 13 1 . . . 1 Gun 470 | 18 32 35 28 226 57 11 49 13 1 . . . . Cannon 23 | . . 22 . . . . . . . . . . 1 Launcher 7 | . . . . 7 . . . . . . . . . Special . | . . . . . . . . . . . . . . Kinetic 335 | 9 16 29 14 166 38 7 42 13 1 . . . . Thermal 157 | 9 16 28 14 60 19 4 7 . . . . . . Explosive 7 | . . . . 7 . . . . . . . . . Electromagnetic 1 | . . . . . . . . . . . . . 1 Robot Hit Streak 12 | 5 6 5 6 12 10 4 7 11 4 . . . 1 Robot Miss Streak 9 | 1 3 4 9 9 5 5 7 6 2 . . . . Penetration Max . | . . . . . . . . . . . . . . Secondary Targets 8 | . . . . 4 1 . 3 . . . . . . Max Gunslinging Chain 1 | . . . . 1 1 . 1 . . . . . . Shots Hit Robots 397 | 12 21 32 16 161 40 7 63 11 6 . 10 4 14 Core Hits 260 | 8 7 16 9 116 26 . 55 12 1 . 3 2 5 Critical Kills 2 | . . . . . . . 1 . . . . . 1 Critical Parts Destroyed 3 | . . . . 1 1 . . . 1 . . . . Critical Strikes 9 | . 1 . . 1 1 . 1 . 1 . . . 4 Burn 1 | . 1 . . . . . . . . . . . . Destroy 2 | . . . . 1 1 . . . . . . . . Smash 3 | . . . . . . . 1 . 1 . . . 1 Sever 1 | . . . . . . . . . . . . . 1 Impale 2 | . . . . . . . . . . . . . 2 Melee Attacks 107 | . . . . . 9 1 29 . 8 1 27 8 24 Impact 41 | . . . . . . 1 27 . 5 1 5 . 2 Slashing 19 | . . . . . 9 . . . . . 4 1 5 Piercing 42 | . . . . . . . . . . . 18 7 17 Sneak Attacks 4 | . . . . . 1 . 2 . 1 . . . . Combat Hostiles . | . . . . . . . . . . . . . . Follow-up Attacks 9 | . . . . . . . . . . . 8 . 1 Damage Inflicted 7771 | 125 262 457 178 2590 969 133 1672 150 233 . 383 136 483 Guns 4703 | 125 262 211 178 2032 798 133 801 150 13 . . . . Cannons 270 | . . 243 . . . . . . . . . . 27 Explosions 558 | . . . . 558 . . . . . . . . . Melee 2237 | . . . . . 171 . 871 . 220 . 383 136 456 Ramming 3 | . . 3 . . . . . . . . . . . Kinetic 3148 | 39 86 187 97 1469 375 74 658 150 13 . . . . Thermal 1798 | 86 176 267 81 563 423 59 143 . . . . . . Explosive 558 | . . . . 558 . . . . . . . . . Electromagnetic 27 | . . . . . . . . . . . . . 27 Impact 1302 | . . . . . . . 871 . 220 . 131 . 80 Slashing 305 | . . . . . 171 . . . . . 83 . 51 Piercing 630 | . . . . . . . . . . . 169 136 325 Highest Corruption 17 | . . . . . 1 16 17 17 17 17 . . . Average Corruption 13 | . . . . . 1 10 16 17 17 17 . . . Corruption Purged . | . . . . . . . . . . . . . . Corruption Blocked . | . . . . . . . . . . . . . . Effects 117 | . . . . . 1 8 48 22 25 13 . . . Message Errors 28 | . . . . . 1 . 13 5 6 3 . . . Matter Fused 23 | . . . . . . . 12 2 7 2 . . . Heat Flow Errors 13 | . . . . . . 2 4 2 2 3 . . . Energy Discharges 17 | . . . . . . 2 7 4 2 2 . . . Parts Rejected 2 | . . . . . . 1 1 . . . . . . Parts Fused 1 | . . . . . . . 1 . . . . . . Data Loss (minor) 17 | . . . . . . . 6 4 4 3 . . . Data Loss (major) 4 | . . . . . . 1 2 1 . . . . . Misfires 5 | . . . . . . . 2 3 . . . . . Alerts 3 | . . . . . . . . 1 2 . . . . Misdirections 3 | . . . . . . 2 . . 1 . . . . Weapon Failures 1 | . . . . . . . . . 1 . . . . Overload Shots . | . . . . . . . . . . . . . . Overflow Damage 267 | . . . . 7 37 . 60 . 116 . 37 . 10 Projectiles . | . . . . . . . . . . . . . . Explosions 7 | . . . . 7 . . . . . . . . . Melee 260 | . . . . . 37 . 60 . 116 . 37 . 10 Knockbacks 5 | . . . . . . . 5 . . . . . . Impact 4 | . . . . . . . 4 . . . . . . Kinetic . | . . . . . . . . . . . . . . Secondary 1 | . . . . . . . 1 . . . . . . Self-Inflicted Damage 46 | . . . . 46 . . . . . . . . . Shots 2 | . . . . 2 . . . . . . . . . Rammed . | . . . . . . . . . . . . . . Targets Rammed 1 | . . 1 . . . . . . . . . . . Kicked 1 | . . 1 . . . . . . . . . . . Crushed . | . . . . . . . . . . . . . . Highest Temperature 588 | 90 237 186 169 588 389 376 267 164 185 233 . . . Average Temperature 100 | 38 108 76 60 117 108 214 78 74 85 98 . . . Received Heat Transfer 1707 | . 180 201 27 585 234 . 168 . . . . . 312 Effects 20 | . . . . 14 . 6 . . . . . . . Shutdowns 2 | . . . . 2 . . . . . . . . . Interference 13 | . . . . 7 . 6 . . . . . . . Damage (major) 3 | . . . . 3 . . . . . . . . . Damage (core) 2 | . . . . 2 . . . . . . . . . Siege Activations . | . . . . . . . . . . . . . . Martial Activations . | . . . . . . . . . . . . . . Shielding Activations . | . . . . . . . . . . . . . . Robots Disrupted . | . . . . . . . . . . . . . . Combat Hostiles . | . . . . . . . . . . . . . . Robots Corrupted 4 | . . . . . . . 2 . 2 . . . . Combat Hostiles 3 | . . . . . . . 2 . 1 . . . . Parts Fried 5 | . . . . . . . 2 . 3 . . . . Impact Corruptions 15 | . . . . . . . 5 . 9 . 1 . . Robots Melted . | . . . . . . . . . . . . . . Combat Hostiles . | . . . . . . . . . . . . . . Parts Melted 4 | . 2 1 . . . . 1 . . . . . . Heat Transferred 3728 | 259 592 592 125 860 875 125 300 . . . . . . Parts Sabotaged . | . . . . . . . . . . . . . . Parts Stolen . | . . . . . . . . . . . . . . Parts Stripped . | . . . . . . . . . . . . . . Power Chain Reactions . | . . . . . . . . . . . . . . Alert | -11 -10 -10 -9 -8 -7 -7 -7 -7 -7 -7 -6 -6 -6 ------- Run | Yrd Mat Min Mat Mat Fac Was Fac Low Low Zio Pro Fac Ext Maximum Alert Level 2 | . . . . 2 1 . . . . . . . . Low Security (%) 84 | 100 100 100 100 74 41 100 100 . . . . 100 100 Level 1 13 | . . . . 17 58 . . . . . . . . Level 2 1 | . . . . 8 . . . . . . . . . Level 3 . | . . . . . . . . . . . . . . Level 4 . | . . . . . . . . . . . . . . Level 5 . | . . . . . . . . . . . . . . High Security . | . . . . . . . . . . . . . . Max Security . | . . . . . . . . . . . . . . Peak Influence 427 | 15 50 80 39 427 354 112 168 . . . . 30 35 Initial 182 | . . 19 . 5 182 112 . . . . . . . Average 80 | 2 12 21 5 170 195 56 24 . . . . 2 6 Influence Increases 2958 | 25 76 266 102 1063 562 1 426 70 30 . 171 40 126 Destroy 0b10 Robot/C 1740 | . 60 220 40 720 160 . 260 60 20 . 120 20 60 Destroy 0b10 Robot/NC 145 | 25 5 . 15 65 15 . 15 . . . . 5 . Destroy Leader 458 | . 10 40 24 170 60 . 74 10 10 . 30 10 20 Allied During Kill 33 | . . 6 8 13 . . . . . . 6 . . Successful Hack 30 | . . . . 8 17 . . . . . . 5 . Disable Machine 120 | . . . 15 30 60 . 15 . . . . . . Anti-Garrison Action 200 | . . . . . 200 . . . . . . . . Destroy Structure 82 | . 1 . . 42 35 1 2 . . . . . 1 Lose Combat Pursuer 150 | . . . . 15 15 . 60 . . . 15 . 45 Influence Decreases 2958 | 25 26 316 87 675 643 323 288 208 30 . 171 40 126 Entered New Map 524 | . . 31 . 10 221 210 . 52 . . . . . Time Decay 1977 | 25 16 226 87 465 392 63 265 146 30 . 171 40 51 Lost Part 397 | . 10 59 . 160 30 30 23 10 . . . . 75 Lost Ally 60 | . . . . 40 . 20 . . . . . . . Squads Dispatched 21 | . 1 . 1 5 4 . 4 . . . . 5 1 Investigation 9 | . . . . 3 2 . 2 . . . . 1 1 Extermination 6 | . . . . . 2 . 2 . . . . 2 . Reinforcement 6 | . 1 . 1 2 . . . . . . . 2 . Assault . | . . . . . . . . . . . . . . Garrison . | . . . . . . . . . . . . . . Intercept . | . . . . . . . . . . . . . . Searches Triggered . | . . . . . . . . . . . . . . Construction Impeded . | . . . . . . . . . . . . . . Haulers Reinforced . | . . . . . . . . . . . . . . Active Scanning Responses . | . . . . . . . . . . . . . . Cargo Convoy Interrupts . | . . . . . . . . . . . . . . Stealth | -11 -10 -10 -9 -8 -7 -7 -7 -7 -7 -7 -6 -6 -6 --------- Run | Yrd Mat Min Mat Mat Fac Was Fac Low Low Zio Pro Fac Ext Distress Signals 5 | . 1 . 1 1 1 . 1 . . . . . . Communications Jammed . | . . . . . . . . . . . . . . Distress Signals . | . . . . . . . . . . . . . . Times Spotted 135 | . 6 12 8 48 11 5 18 4 1 . 6 6 10 Peak Tracking Total 9 | . 4 3 3 9 3 5 4 4 1 . 4 4 6 Tactical Retreats 8 | . . . . 1 1 . 4 . . . 1 . 1 Traps | -11 -10 -10 -9 -8 -7 -7 -7 -7 -7 -7 -6 -6 -6 ------- Run | Yrd Mat Min Mat Mat Fac Was Fac Low Low Zio Pro Fac Ext Traps Triggered 3 | . . . . 1 2 . . . . . . . . Indirectly . | . . . . . . . . . . . . . . Trap Hack Attempts . | . . . . . . . . . . . . . . Triggered . | . . . . . . . . . . . . . . Disarmed . | . . . . . . . . . . . . . . Reprogrammed . | . . . . . . . . . . . . . . Reused . | . . . . . . . . . . . . . . Traps Extracted . | . . . . . . . . . . . . . . Installed . | . . . . . . . . . . . . . . Triggered . | . . . . . . . . . . . . . . Machines | -11 -10 -10 -9 -8 -7 -7 -7 -7 -7 -7 -6 -6 -6 ---------- Run | Yrd Mat Min Mat Mat Fac Was Fac Low Low Zio Pro Fac Ext Machines Disabled 8 | . . . 1 2 4 . 1 . . . . . . Max in Single Turn 3 | . . . . 1 3 . 1 . . . . . . Garrison Access 1 | . . . . . 1 . . . . . . . . Machines Repaired . | . . . . . . . . . . . . . . Machines Dismantled . | . . . . . . . . . . . . . . Machines Sabotaged . | . . . . . . . . . . . . . . Overloaded Fab Kills . | . . . . . . . . . . . . . . Hacking | -11 -10 -10 -9 -8 -7 -7 -7 -7 -7 -7 -6 -6 -6 --------- Run | Yrd Mat Min Mat Mat Fac Was Fac Low Low Zio Pro Fac Ext Machines Accessed 20 | . . 1 . 4 5 . 2 . . . . 2 6 Terminals 16 | . . . . 3 4 . 2 . . . . 1 6 Fabricators . | . . . . . . . . . . . . . . Repair Stations . | . . . . . . . . . . . . . . Recycling Units . | . . . . . . . . . . . . . . Scanalyzers 1 | . . . . 1 . . . . . . . . . Garrison Access 2 | . . . . . 1 . . . . . . 1 . Total Hacks 46 | . . 1 . 13 10 . 5 . . . . 3 14 Successful 13 | . . 1 . 5 3 . . . . . . 1 3 Failed 32 | . . . . 7 7 . 5 . . . . 2 11 Catastrophic 7 | . . . . . 3 . 2 . . . . 1 1 Database Lockouts 1 | . . . . 1 . . . . . . . . . Manual 31 | . . . . 6 10 . 4 . . . . 1 10 Terminals 39 | . . . . 10 9 . 5 . . . . 1 14 Fabricators . | . . . . . . . . . . . . . . Repair Stations . | . . . . . . . . . . . . . . Recycling Units . | . . . . . . . . . . . . . . Scanalyzers 3 | . . . . 3 . . . . . . . . . Garrison Access 3 | . . . . . 1 . . . . . . 2 . Terminal Hacks 2 | . . 1 . 1 . . . . . . . . . Prototype ID Bank 1 | . . . . 1 . . . . . . . . . Open Door 1 | . . 1 . . . . . . . . . . . Fabricator Hacks . | . . . . . . . . . . . . . . Repair Station Hacks . | . . . . . . . . . . . . . . Recycling Unit Hacks . | . . . . . . . . . . . . . . Scanalyzer 2 | . . . . 2 . . . . . . . . . Retrieve Study 2 | . . . . 2 . . . . . . . . . Garrison Access Hacks . | . . . . . . . . . . . . . . Unauthorized Hacks 9 | . . . . 2 3 . . . . . . 1 3 Terminals 8 | . . . . 2 2 . . . . . . 1 3 Botnet 8 | . . . . 2 2 . . . . . . 1 3 Fabricators . | . . . . . . . . . . . . . . Repair Stations . | . . . . . . . . . . . . . . Recycling Units . | . . . . . . . . . . . . . . Scanalyzers . | . . . . . . . . . . . . . . Garrison Access 1 | . . . . . 1 . . . . . . . . Jam 1 | . . . . . 1 . . . . . . . . Data Cores Recovered . | . . . . . . . . . . . . . . Used . | . . . . . . . . . . . . . . Hacking Detections 15 | . . . . 3 4 . 2 . . . . 2 4 Full Trace Events 7 | . . . . 2 1 . 2 . . . . 1 1 Feedback Events . | . . . . . . . . . . . . . . Feedback Blocked . | . . . . . . . . . . . . . . Robot Schematics Acquired 3 | . . . . . . . . . . 3 . . . Robots Built . | . . . . . . . . . . . . . . Authchips . | . . . . . . . . . . . . . . Time . | . . . . . . . . . . . . . . Total Robot Build Rating . | . . . . . . . . . . . . . . Part Schematics Acquired 15 | . . . . . . . . . . 15 . . . Parts Built . | . . . . . . . . . . . . . . Authchips . | . . . . . . . . . . . . . . Time . | . . . . . . . . . . . . . . Total Part Build Rating . | . . . . . . . . . . . . . . Part Studies Acquired 2 | . . . . 2 . . . . . . . . . Parts Repaired . | . . . . . . . . . . . . . . Time . | . . . . . . . . . . . . . . Parts Recycled . | . . . . . . . . . . . . . . Recycled Matter . | . . . . . . . . . . . . . . Retrieved Matter . | . . . . . . . . . . . . . . Retrieved Components . | . . . . . . . . . . . . . . Parts Scanalyzed . | . . . . . . . . . . . . . . Part Schematics Acquired . | . . . . . . . . . . . . . . Parts Damaged . | . . . . . . . . . . . . . . Bothacking | -11 -10 -10 -9 -8 -7 -7 -7 -7 -7 -7 -6 -6 -6 ------------ Run | Yrd Mat Min Mat Mat Fac Was Fac Low Low Zio Pro Fac Ext Used RIF Installer . | . . . . . . . . . . . . . . Robots Hacked 3 | . . . . . . . 2 . 1 . . . . Non-combat 1 | . . . . . . . 1 . . . . . . Combat 2 | . . . . . . . 1 . 1 . . . . Robot Hacks Applied 3 | . . . . . . . 2 . 1 . . . . parse_system 2 | . . . . . . . 1 . 1 . . . . no_distress 1 | . . . . . . . 1 . . . . . . Relay Couplers Released . | . . . . . . . . . . . . . . Fabnet Peak Effective % . | . . . . . . . . . . . . . . Robots Rewired . | . . . . . . . . . . . . . . Allies Hacked . | . . . . . . . . . . . . . . Hacks Repelled . | . . . . . . . . . . . . . . Allies | -11 -10 -10 -9 -8 -7 -7 -7 -7 -7 -7 -6 -6 -6 -------- Run | Yrd Mat Min Mat Mat Fac Was Fac Low Low Zio Pro Fac Ext Total Allies 6 | . . 3 . . . 1 . . . 2 . . . Largest Group 3 | . . 3 2 2 . 1 . . . 2 2 . . Highest-Rated Group 64 | . . 40 32 32 . 31 . . . 64 64 . . Highest-Rated Ally 39 | . . 16 16 16 . 31 . . . 39 39 . . Total Orders . | . . . . . . . . . . . . . . Ally Attacks 98 | . . 10 16 31 . 11 . . . . 30 . . Total Damage 1705 | . . 135 101 656 . 194 . . . . 619 . . Kills 16 | . . 2 2 8 . . . . . . 4 . . Allies Corrupted . | . . . . . . . . . . . . . . Allies Melted . | . . . . . . . . . . . . . . Intel | -11 -10 -10 -9 -8 -7 -7 -7 -7 -7 -7 -6 -6 -6 ------- Run | Yrd Mat Min Mat Mat Fac Was Fac Low Low Zio Pro Fac Ext Active Infowar (turns) 1542 | 14 95 724 . . . . . . . . . 414 295 Seismic 833 | 14 95 724 . . . . . . . . . . . Decoding 709 | . . . . . . . . . . . . 414 295 Robot Analysis Total . | . . . . . . . . . . . . . . Derelict Logs Recovered 7 | . . 2 . . . . . 1 1 2 1 . . Drone Launches . | . . . . . . . . . . . . . . Drone Recoveries . | . . . . . . . . . . . . . . Decoded 0b10 Intel 9 | . . . . . . . . . . . . 6 3 Traps 5 | . . . . . . . . . . . . 2 3 Emergency Access 4 | . . . . . . . . . . . . 4 . Exploration | -11 -10 -10 -9 -8 -7 -7 -7 -7 -7 -7 -6 -6 -6 ------------- Run | Yrd Mat Min Mat Mat Fac Was Fac Low Low Zio Pro Fac Ext Turns Passed 9183 | 123 95 802 542 1195 1009 147 1121 532 502 1597 809 414 295 Spaces Moved 5763 | 81 39 382 206 547 663 142 654 411 379 1189 556 337 177 Core 200 | 16 . 4 . . . 97 24 . . . . . 59 Treads . | . . . . . . . . . . . . . . Legs 5563 | 65 39 378 206 547 663 45 630 411 379 1189 556 337 118 Wheels . | . . . . . . . . . . . . . . Hover . | . . . . . . . . . . . . . . Flight . | . . . . . . . . . . . . . . Fastest Speed 50 | 50 120 120 120 105 105 50 50 123 125 130 115 115 50 Average Speed 138 | 106 120 180 242 168 133 89 138 124 127 133 124 115 102 Slowest Speed 300 | 120 120 300 260 190 245 175 200 125 130 135 190 115 250 Overloaded Moves . | . . . . . . . . . . . . . . Propulsion Burnouts . | . . . . . . . . . . . . . . Robots Hopped . | . . . . . . . . . . . . . . Potential Cave-ins . | . . . . . . . . . . . . . . Cave-ins Triggered . | . . . . . . . . . . . . . . Exploration Rate (%) 42 | 5 16 67 20 62 21 66 18 70 57 84 71 12 20 Regions Visited 13 Branch Regions 6 Pre-discovered Areas 5 | . . 3 . . . . . . . 2 . . . Known Exits Taken 6 | . . . . . . . 1 1 1 1 1 1 . Unknown Exits Taken 5 | 1 1 1 1 1 . . . . . . . . . Scrap Searched 10 | . . 1 . . . . . 1 2 3 3 . . Spaces Dug 5 | . . . . . 1 1 2 . . . . . 1 Terrain Destroyed 77 | . . . . 41 32 1 2 . . . . . 1 Melee 5 | . . . . . 1 1 2 . . . . . 1 Projectile . | . . . . . . . . . . . . . . AOE 72 | . . . . 41 31 . . . . . . . . Terrain Rammed . | . . . . . . . . . . . . . . Walls Destroyed . | . . . . . . . . . . . . . . Machines Disabled . | . . . . . . . . . . . . . . Actions | -11 -10 -10 -9 -8 -7 -7 -7 -7 -7 -7 -6 -6 -6 --------- Run | Yrd Mat Min Mat Mat Fac Was Fac Low Low Zio Pro Fac Ext Total 6399 | 98 58 437 232 687 732 153 775 420 388 1195 629 349 246 Wait 211 | . . 16 5 32 17 . 50 5 . . 47 . 39 Move 5751 | 80 38 381 205 546 663 141 653 410 378 1188 555 336 177 Hop . | . . . . . . . . . . . . . . Pick Up 45 | 2 3 3 9 18 4 . 3 . . 1 1 . 1 Fast Attach 48 | 7 . 4 3 4 5 1 10 . . 3 7 1 3 Attach 31 | . 1 2 . 14 4 1 3 . . 1 . 2 3 Detach 6 | . . . . . 2 . 1 . . 1 . 1 1 Swap 11 | . . . 1 4 3 . 2 . . . . 1 . Drop 25 | . . . 2 7 6 5 3 . . . 1 1 . Fire 176 | 9 16 30 7 62 19 4 21 5 2 . . . 1 Melee 94 | . . . . . 9 1 29 . 8 1 18 7 21 Ram . | . . . . . . . . . . . . . . Kick 1 | . . 1 . . . . . . . . . . . Crush . | . . . . . . . . . . . . . . Escape Stasis . | . . . . . . . . . . . . . . Rewire . | . . . . . . . . . . . . . . Trap . | . . . . . . . . . . . . . . Miscellaneous . | . . . . . . . . . . . . . . Route ------- -11/Scrapyard -10/Materials (discovered 2 exits: *Min x2) -10/Mines (discovered 2 exits: [*Mat x2]) -9/Materials -8/Materials -7/Factory -7/Waste -7/Factory -7/Lower Caves -7/Lower Caves -7/Zion -6/Proximity Caves -6/Factory -6/Extension History --------- Turn | Location | Event 24 | -11/Scrapyard | Discovered new exit (range 16) 124 | -11/Scrapyard | Entered Materials 124 | -10/Materials | Discovered new exit (range 9) 154 | -10/Materials | Discovered new exit (range 15) 219 | -10/Materials | Entered Mines 276 | -10/Mines | Lost 5 parts (2p1n2w) 317 | -10/Mines | Build established: Mutant 394 | -10/Mines | Discovered new exit (range 8) 417 | -10/Mines | Core integrity fell below 50% 464 | -10/Mines | Found the Drone Emporium 473 | -10/Mines | Found Prototype Device 532 | -10/Mines | Assisted by bots powering up and referring to "LRC-V3" 781 | -10/Mines | Learned location of Zion (-7) 807 | -10/Mines | Learned location of Storage (-8) 962 | -10/Mines | Found a hidden stash of uninstalled traps 999 | -10/Mines | Discovered new exit (range 5) 1021 | -10/Mines | Entered Materials 1021 | -9/Materials | Accompanied by 2 allies 1021 | -9/Materials | Evolved 2 slots: Weapon x2 1326 | -9/Materials | Build established: Scavenger-Tank 1507 | -9/Materials | Discovered new exit (range 9) 1563 | -9/Materials | Entered another Materials area 1563 | -8/Materials | Accompanied by 2 allies 1563 | -8/Materials | Evolved 2 slots: Propulsion x1, Utility x1 2310 | -8/Materials | Core integrity fell below 50% 2360 | -8/Materials | Lost 6 parts (2n2u2w) 2549 | -8/Materials | Central database locked down 2688 | -8/Materials | Lost 5 parts (2n1u2w) 2721 | -8/Materials | Discovered new exit (range 15) 2758 | -8/Materials | Entered Factory 2758 | -7/Factory | Evolved 2 slots: Propulsion x1, Utility x1 3456 | -7/Factory | Discovered new exit (range 14) 3767 | -7/Factory | Sucked down chute 3767 | -7/Factory | Entered Waste 3768 | -7/Waste | Met a frightened Derelict 3782 | -7/Waste | EMP discharged 3782 | -7/Waste | System corruption reached 10% 3804 | -7/Waste | Spotted C-40 Crusher 3804 | -7/Waste | Spotted C-40 Crusher 3819 | -7/Waste | Spotted C-40 Crusher 3842 | -7/Waste | Build established: Scavenger-Gunner 3858 | -7/Waste | Crushed by Compactor (1 part destroyed, 1 dropped) 3861 | -7/Waste | Crushed by Compactor (1 part destroyed, 1 dropped) 3863 | -7/Waste | Spotted C-40 Crusher 3882 | -7/Waste | EMP discharged 3892 | -7/Waste | Lost 3 parts (2n1w) 3895 | -7/Waste | Spotted C-40 Crusher 3909 | -7/Waste | Discovered new exit (range 11) 3914 | -7/Waste | Entered Factory 4143 | -7/Factory | Build established: Mutant 4495 | -7/Factory | Build established: Gunner 4971 | -7/Factory | Destroyed 7 combat bots 5002 | -7/Factory | Build established: Mutant 5006 | -7/Factory | Discovered new exit (range 15) 5034 | -7/Factory | Identified exit to Lower Caves 5035 | -7/Factory | Entered Lower Caves 5117 | -7/Lower Caves | Encountered a Warlord checkpoint 5541 | -7/Lower Caves | Discovered new exit (range 15) 5558 | -7/Lower Caves | Identified exit to Lower Caves 5567 | -7/Lower Caves | Entered another Lower Caves area 5568 | -7/Lower Caves | Encountered a Warlord checkpoint 5837 | -7/Lower Caves | Core integrity fell below 50% 5860 | -7/Lower Caves | Lost 3 parts (1n2w) 6032 | -7/Lower Caves | Learned Factory terminal intel 6037 | -7/Lower Caves | Discovered new exit (range 14) 6053 | -7/Lower Caves | Identified exit to Zion 6069 | -7/Lower Caves | Entered Zion 6120 | -7/Zion | Given the Hacking Drone Bay 6127 | -7/Zion | Found Prototype Device 6147 | -7/Zion | Discovered new exit (range 15) 6293 | -7/Zion | Found CR-A16's Pointy Stick 6358 | -7/Zion | System corruption cleaned by Quarantine Array 6457 | -7/Zion | Learned location of Armory (-3) 6546 | -7/Zion | Loaded intel: 4 derelict terminal locations 6611 | -7/Zion | Visited the Megawrench Repair Shop 6611 | -7/Zion | Megawrench repaired 6 parts 6854 | -7/Zion | Gained Derelict followers 7665 | -7/Zion | Identified exit to Proximity Caves 7666 | -7/Zion | Entered Proximity Caves 7666 | -6/Proximity Caves | Accompanied by 2 allies 8211 | -6/Proximity Caves | Lost 3 parts (1p1n1u) 8255 | -6/Proximity Caves | Learned Factory terminal intel 8370 | -6/Proximity Caves | Received a Behemoth hack from an annoying Tinkerer 8461 | -6/Proximity Caves | Discovered new exit (range 6) 8469 | -6/Proximity Caves | Identified exit to Factory 8475 | -6/Proximity Caves | Entered Factory 8475 | -6/Factory | Evolved 2 slots: Utility x2 8476 | -6/Factory | Identified exit to Extension 8477 | -6/Factory | Loaded intel: 27 terminal locations 8678 | -6/Factory | Build established: Scavenger-Mutant 8889 | -6/Factory | Entered Extension 9051 | -6/Extension | Build established: Mutant 9121 | -6/Extension | Core integrity fell below 50% 9171 | -6/Extension | Core integrity fell below 20% 9184 | -6/Extension | Destroyed by Y-54 Guardian with Gatling Laser Last Messages --------------- 09109_ R-10 Processor collects VTOL Module. 09113_ Acquired Proton Cannon. 09114_ S-27 Virus destroyed. 09115_ Adv. Targeting Computer destroyed. 09116_ R-10 Processor collects VTOL Module. 09118_ Imp. Cooling System destroyed. 09121_ Phase Shifter destroyed. 09123_ S-27 Virus destroyed. 09123_ Powered Hammer destroyed. 09126_ Proton Cannon destroyed. 09133_ Acquired Unknown Processor. 09133_ Identified Terrain Scan Processor. 09138_ Acquired System Shield. 09141_ Acquired 20 matter. 09156_ System Shield destroyed. 09158_ Y-54 Guardian suffers critical hit (Impale). 09180_ CR-A16's Pointy Stick destroyed. 09181_ Y-54 Guardian Imp. Light Armor Plating severed. Map ----- +----------------------------------------------------+ | | | | | | | | | | | | | | | | | | | | | | | | | | | | | | | | | | | | | | | | | ???????????????????????????????????????? | | ???????????????????#####???????????????? | | ??????????????????##T# #???????????????? | | ??????????????##### !! #??############## | | ??????????????#!Y / #??# % | | ??????????????#@### ! #??# ###### | | ??????????????# ##" #### #????? | | ??????????????# ##T +^ "" = #????? | | ??????????????# ##" " #"## ""%%*#????? | | ??????????????# ### T T### "T[= #????? | | ?????????#"##?# #?# " ##?# "" ###### | | ?????????# T#?# #?# #??# "" | | ?????##### ####Y#####+##### | | ?????# ^ | | ?????# | | ?????# | | ?????# ######################## | | ?????# #######??????????????????????? | | ?????# #????????????????????????????? | | ?????# #????????????????????????????? | | ?????# #????????????????????????????? | | ?????# #????????????????????????????? | | ?????# #????????????????????????????? | | ?????# #????????????????????????????? | | ?????# #????????????????????????????? | | ?????# #????????????????????????????? | | ?????# #????????????????????????????? | | ?????# #????????????????????????????? | | ?????# #????????????????????????????? | | ?????# ####????????????????????????????? | +----------------------------------------------------+ Best States ------------- Heat Dissipation 64 Energy Generation 18 Energy Capacity 310 Matter Stores 406 Matter Capacity 500 Sight Range 16 Terrain Scan Density 85 Armor Coverage 225 Phase Shifting 5 Evasion (%) 65 Targeting Accuracy 16 Target Analysis 5 Offensive Hacking 10 Defensive Hacking 10 Item Schematics ----------------- System Restoration Module | -7/Zion | Archive Fusion Compressor | -7/Zion | Archive System Guard | -7/Zion | Archive Plasma Cannon | -7/Zion | Archive Imp. Titanium Leg | -7/Zion | Archive Adv. Plasma Cannon | -7/Zion | Archive Hvy. Plasma Cannon | -7/Zion | Archive Imp. Deuterium Engine | -7/Zion | Archive Lgt. Fission Core | -7/Zion | Archive Imp. Salvage Targeting Computer | -7/Zion | Archive Imp. Medium Treads | -7/Zion | Archive Chainsword | -7/Zion | Archive Adv. Signal Interpreter | -7/Zion | Archive Adv. Terrain Scan Processor | -7/Zion | Archive Mass Driver | -7/Zion | Archive Robot Schematics ------------------ K-01 Serf | -7/Zion | Archive C-57 Dissector | -7/Zion | Archive T-07 Excavator | -7/Zion | Archive Fabricated ------------ Nothing Repaired ---------- Nothing Studied --------- Aluminum Leg | -8/Materials | Hacked Carbon-fiber Leg | -8/Materials | Hacked Alien Tech Used ----------------- None Achievements -------------- None Challenges ------------ None Game ------ Seed AluminumHackingCutter Manual? 0 Play Time 00:50:51 Cumulative 183.9 hours Start 2026.08.30 @ 04:30:53 End 2026.08.30 @ 17:27:52 Sessions 1 Manual Loads 0 Difficulty Rogue Special Mode None Game No. 363 Rogue 363 Adventurer 0 Explorer 0 Win Type - Total 2 Types 2/0/0/0/0/0/0/0/0/0 Lore% 59 Gallery% 60 Achievement% 47 Wizard Run 0 Options --------- Layout 2 ASCII 0 Keyboard 1 Movement Arrows Keybinds 0 Fullscreen 1 Font 24/Smallcaps Map View 50x44 Zoom Use 2% Tactical HUD 1 Map Filters NONE Filters NONE Steam 1 RUN: e3ede53e-e489-497a-bcda-3304f6dfdc0e